 Dungeon Crawl Stone Soup version 0.28-a0-851-g8b9cc49659 (webtiles) character file.

Game seed: 7830758062545819737

829 Crownlay the Cudgeller (level 7, -1/99 HPs)
             Began as a Troll Berserker on Nov 14, 2021.
             Was a Priest of Trog.
             Succumbed to a water moccasin's poison
             ... on level 5 of the Dungeon.
             The game lasted 00:04:47 (3044 turns).

Crownlay the Cudgeller (Troll Berserker)            Turns: 3044, Time: 00:04:47

Health: -1/99      AC:  6    Str: 28    XL:     7   Next: 65%
Magic:  6/6        EV: 10    Int:  3    God:    Trog [***...]
Gold:   220        SH:  0    Dex:  9    Spells: 6/6 levels left

rFire   . . .      SeeInvis .   a - +0 mace
rCold   . . .      Faith    .   (no shield)
rNeg    . . .      Spirit   .   b - +0 animal skin
rPois   .          Reflect  .   p - +2 hat
rElec   .          Harm     .   (no cloak)
rCorr   .          Rampage  .   (gloves unavailable)
Will    ++...                   (boots unavailable)
Stlth   ..........              (no amulet)
HPRegen 2.26/turn               (no ring)
MPRegen 0.10/turn               (no ring)

@: berserking (expiring), lethally poisoned (-1 -> -6), strong-willed,
regenerating, very quick
A: large, unfitting armour, claws 3, regeneration 1, shaggy fur 1, tough skin 1
a: Renounce Religion, Berserk, Trog's Hand


You were on level 5 of the Dungeon.
You worshipped Trog.
Trog was most pleased with you.
You visited 1 branch of the dungeon, and saw 5 of its levels.

You collected 220 gold pieces.

Inventory:

Hand Weapons
 a - a +0 mace (weapon)
Missiles
 m - 2 boomerangs (quivered)
Armour
 b - a +0 animal skin (worn)
 p - a +2 hat (worn)
Scrolls
 d - 2 scrolls of identify
 f - 2 scrolls of immolation
 i - a scroll of enchant armour {unknown}
 k - a scroll of holy word {unknown}
 l - a scroll of teleportation {unknown}
 o - a scroll of noise {unknown}
Potions
 c - 2 potions of flight
 e - 2 potions of might {unknown}
 g - a potion of haste {unknown}
 h - 2 potions of lignification
 j - a potion of curing {unknown}
 n - a potion of attraction {unknown}


   Skills:
 - Level 2.4 Fighting
 * Level 7.4 Maces & Flails
 + Level 3.6 Throwing
 - Level 2.4 Dodging


You had 6 spell levels left.
You didn't know any spells.
Your spell library was empty.

Dungeon Overview and Level Annotations

Branches:
Dungeon (5/15)
 Temple: D:4-7

Altars:
Hepliaklqana
Sif Muna
Trog
Vehumet


Innate Abilities, Weirdness & Mutations

You are too large for most types of armour.
You have claws for hands.
Your natural rate of healing is unusually fast.
You are covered in fur. (AC +1)
You have tough skin. (AC +1)


Message History

You feel extremely sick. The water moccasin bites you.
You are more poisoned.
The water moccasin poisons you!
A red film seems to cover your vision as you go berserk!
You feel yourself moving faster!
You feel mighty!
You feel extremely sick. The water moccasin bites you!
* * * LOW HITPOINT WARNING * * *
You are more poisoned.
The water moccasin poisons you!
You miss the water moccasin.
The water moccasin is heavily wounded.
* * * LOW HITPOINT WARNING * * *
You feel extremely sick.
The water moccasin bites you but does no damage.
The water moccasin barely misses you.
You hit the water moccasin.
The water moccasin is severely wounded.
* * * LOW HITPOINT WARNING * * *
You feel very sick. The water moccasin bites you.
* * * LOW HITPOINT WARNING * * *
You closely miss the water moccasin.
The water moccasin is severely wounded.
* * * LOW HITPOINT WARNING * * *
You feel very sick. The water moccasin bites you.
* * * LOW HITPOINT WARNING * * *
You sock the water moccasin!
You kill the water moccasin!
Trog accepts your kill.
* * * LOW HITPOINT WARNING * * *
You feel very sick.
* * * LOW HITPOINT WARNING * * *
You feel very sick.
You are too berserk!
You are too berserk!
You feel a strong urge to attack something.
You die...

#.# #...... #.#
#...... #.#
######.... #.#
#.........
#.#######.......#.
#..........#######
#....[....##
##.#########
#.#.@.## #......#
#...........
........$..####
####.......#
##...!.## ##...##
#####


There were no monsters in sight!

Vanquished Creatures
  A water moccasin (D:5)
  An orc warrior (D:4)
  3 ogres
  A water moccasin skeleton (D:5)
  An orc priest (D:4)
  A hound (D:4)
  2 iguanas (D:4)
  3 orc wizards (D:4)
  A hound zombie (D:5)
  Robin (D:4)
  3 adders
  An adder skeleton (D:4)
  A worm (D:5)
  2 dart slugs
  7 orcs
  7 ball pythons
  10 endoplasms
  4 giant cockroaches (D:1)
  17 goblins
  8 hobgoblins
  9 jackals
  6 kobolds
  2 quokkas (D:1)
  8 bats
  5 frilled lizards
  9 rats
114 creatures vanquished.

Notes
Turn   | Place    | Note
-------+----------+-------------------------------------------
     0 | D:1      | Crownlay the Troll Berserker began the quest for the Orb.
     0 | D:1      | Reached XP level 1. HP: 22/22 MP: 0/0
    40 | D:1      | Found a radiant altar of Vehumet.
    51 | D:1      | Reached skill level 3 in Maces & Flails
    62 | D:1      | Reached XP level 2. HP: 20/29 MP: 1/1
   214 | D:1      | Reached ** piety under Trog
   306 | D:1      | Reached XP level 3. HP: 36/36 MP: 2/2
   710 | D:1      | Reached skill level 4 in Maces & Flails
  1534 | D:3      | Found a faded altar of an unknown god.
  1642 | D:3      | Reached XP level 4. HP: 44/44 MP: 3/3
  1733 | D:3      | Reached *** piety under Trog
  2029 | D:4      | Noticed an ogre
  2055 | D:4      | Reached skill level 5 in Maces & Flails
  2064 | D:4      | Killed an ogre
  2065 | D:4      | Reached skill level 1 in Throwing
  2065 | D:4      | Reached XP level 5. HP: 50/50 MP: 4/4
  2142 | D:4      | Reached XP level 6. HP: 59/59 MP: 5/5
  2241 | D:4      | Noticed Robin
  2292 | D:4      | Killed Robin
  2312 | D:4      | Found a shimmering blue altar of Sif Muna.
  2327 | D:4      | Found a bloodstained altar of Trog.
  2327 | D:4      | Noticed an orc warrior
  2362 | D:4      | Killed an orc warrior
  2363 | D:4      | Reached skill level 6 in Maces & Flails
  2481 | D:4      | Reached XP level 7. HP: 45/66 MP: 6/6
  2662 | D:4      | Found a hazy altar of Hepliaklqana.
  2855 | D:5      | Entered Level 5 of the Dungeon
  2961 | D:5      | Reached skill level 7 in Maces & Flails
  3042 | D:5      | HP: 3/99 [poisoned by a water moccasin]
  3043 | D:5      | HP: 1/99 [poisoned by a water moccasin]
  3044 | D:5      | Succumbed to a water moccasin's poison

Illustrated notes

Levels and vault maps discovered:
D:1:      dpeg_arrival_windows_large_door, layout_basic, minmay_hexomino_r4
D:2:      layout_loops_ring, st_stairs_9
D:3:      layout_rooms, basic_ecumenical_altar, minmay_crystal_room,
          chequers_serial_rivers_large_a
D:4:      layout_loops_ring, nzn_overflow_gifts_of_might_and_magic,
          nzn_hepliaklqana_mist_gate, uniq_robin
D:5:      layout_loops_ring, mainiacjoe_overflow_surrounded_room,
          pdpol_wu_jian_five_deadly_venoms, temple_fountains, serial_shops,
          shop, minmay_starry_boxes

Skill      XL: |  1  2  3  4  5  6  7 |
---------------+----------------------+-----
Maces & Flails | 3 4 5 6 7 |  7.4
Throwing       | 1 2 3 |  3.6
Fighting       | |  2.4
Dodging        | |  2.4

Action                   |  1- 3 |  4- 6 |  7- 9 || total
-------------------------+-------+-------+-------++-------
Melee: Mace              |   175 |   160 |   104 ||   439
Invok: Trog's Hand       |       |     5 |     1 ||     6
       Berserk           |       |     4 |     2 ||     6
  Use: Scroll            |     2 |     1 |       ||     3
 Stab: Sleeping          |     1 |       |       ||     1
Armor: Animal skin       |   107 |    67 |    39 ||   213
Dodge: Dodged            |   142 |    90 |    50 ||   282

Table legend: (Time is in decaauts)
 A = Elapsed time spent in this place.
 B = Non-inter-level travel time spent in this place.
 C = Inter-level travel time spent in this place.
 D = Time resting spent in this place.
 E = Time spent auto-exploring this place.
 F = Levels seen in this place.
 G = Mean time per level.
                   A        B        C        D        E       F      G
               +--------+--------+--------+--------+--------+-----+--------+
         Total |   3156 |   3080 |     76 |      0 |   2184 |   5 |  631.2 |
       Dungeon |   3156 |   3080 |     76 |      0 |   2184 |   5 |  631.2 |
               +--------+--------+--------+--------+--------+-----+--------+

Top non-repeatable levels by time:
     D:1: 979 daAuts
     D:4: 932 daAuts
     D:2: 589 daAuts
     D:3: 457 daAuts
     D:5: 196 daAuts
